 Dungeon Crawl Stone Soup version 0.19-a0-650-gab89c2a (webtiles) character file.

67 Etesian the Skirmisher (level 3, -7/31 HPs)
             Began as a Centaur Fighter on June 14, 2016.
             Killed by divine providence
             ... invoked by an orc priest
              (16 damage)
             ... on level 3 of the Dungeon.
             The game lasted 00:03:59 (1752 turns).

Etesian the Skirmisher (Centaur Fighter)            Turns: 1752, Time: 00:04:00

Health: -7/31      AC:  7    Str: 18    XL:     3   Next: 98%
Magic:  3/3        EV:  8    Int:  7    God:
Gold:   57         SH:  8    Dex:  9    Spells: 0 memorised, 2 levels left

rFire  . . .     SeeInvis .     a - +1 flail
rCold  . . .     Gourm    .     m - +0 ring mail
rNeg   . . .     Faith    .     c - +0 shield
rPois  .         Spirit   .     (no helmet)
rElec  .         Dismiss  .     (no cloak)
rCorr  .         Reflect  .     n - +0 pair of gloves
SustAt .         Harm     .     (no barding)
MR     .....                    (no amulet)
Stlth  ..........               o - +2 ring of evasion
                                i - +2 ring of slaying

@: very quick, not resistant to hostile enchantments, extremely unstealthy
A: hooves 3, deformed body, speed 2, tough skin 3
a: no special abilities


You were on level 3 of the Dungeon.
You were hungry.

You visited 1 branch of the dungeon, and saw 3 of its levels.

You collected 57 gold pieces.

Inventory:

Hand Weapons
 a - a +1 flail (weapon)
Missiles
 l - 8 steel javelins (quivered)
Armour
 c - a +0 shield (worn)
 m - a +0 ring mail (worn)
 n - a +0 pair of gloves (worn)
Jewellery
 i - a +2 ring of slaying (left hand)
 o - a +2 ring of evasion (right hand)
Scrolls
 e - 2 scrolls of teleportation
Potions
 b - a potion of haste
 d - 2 potions of might
 k - 2 potions of curing
Comestibles
 f - a bread ration
 g - 4 chunks of flesh
 h - a slice of pizza
 j - a meat ration


   Skills:
 + Level 3.5 Fighting
 * Level 2.7 Maces & Flails
 + Level 2.5 Armour
 + Level 2.4 Shields


You had 2 spell levels left.
You didn't know any spells.

Dungeon Overview and Level Annotations

Branches:
Dungeon (3/15)

Altars:
Ashenzari


Innate Abilities, Weirdness & Mutations

You have hooves in place of feet.
Armour fits poorly on your strangely shaped body.
You cover ground very quickly.
You have extremely tough skin. (AC +3)


Message History

You take 16 damage, and have 8/31 hp.
MASSIVE DAMAGE!!
You barely miss the orc priest.
You kick the orc priest, but do no damage.
The orc priest is moderately wounded.
You block the orc priest's attack.
You barely miss the orc priest. Your kick misses the orc priest.
The orc priest is moderately wounded.
You block the orc priest's attack.
You barely miss the orc priest.
The orc priest is moderately wounded.
The orc priest hits you but does no damage.
You are feeling hungry.
Your shield prevents you from hitting the orc priest.
Your kick misses the orc priest.
The orc priest is moderately wounded.
The orc priest casts a cantrip, but nothing happens.
The orc priest calls down the wrath of Beogh upon you.
Beogh smites you!
Ouch! That really hurt!
You die...

.......#.... ..
.......... ..#
.........# #.##
.........##...#
....#..#..#
#.###...## #.o#..#
#########@..###
........))....####.#
#########.###).....#
#.# #.###### #.# #.#
#.# #.# #.# #.# #.#
#.# . #.# #.#####


You could see an orc priest.

Vanquished Creatures
  2 adders
  A dart slug (D:2)
  A giant gecko (D:2)
  4 orcs (D:3)
  A ball python (D:1)
  5 goblins
  6 hobgoblins
  5 kobolds
  A quokka (D:2)
  7 bats
  2 giant newts
  3 rats (D:2)
38 creatures vanquished.

Notes
Turn   | Place    | Note
--------------------------------------------------------------
     0 | D:1      | Etesian the Centaur Fighter began the quest for the Orb.
     0 | D:1      | Reached XP level 1. HP: 19/19 MP: 1/1
   246 | D:1      | Reached XP level 2. HP: 26/26 MP: 2/2
   977 | D:2      | Found a shattered altar of Ashenzari.
  1177 | D:2      | Reached XP level 3. HP: 29/31 MP: 3/3
  1752 | D:3      | Killed from afar by an orc priest

Vault maps used:
D:1:      nicolae_arrival_washed_ashore, minmay_misc_feat_secret_circle
D:2:      nicolae_ashenzari_panopticon
D:3:      nicolae_gozag_seed_capital, lightli_sewer_entry_pipes,
          ecumenical_altar_2, minmay_strange_pillars

Skill      XL: |  1 |
---------------+----+-----
Maces & Flails | 2 |  2.7
Fighting       | |  3.5
Armour         | |  2.5
Shields        | |  2.4

Action                   || total
-------------------------++-------
Melee: Flail             ||   114
       Kick              ||    20
  Use: Scroll            ||     5
  Eat: Chunk             ||     1
Armor: Scale mail        ||     8
       Ring mail         ||    35
Dodge: Dodged            ||    32
Block: Shield            ||    50
